 Dungeon Crawl Stone Soup version 0.21.0-3-g78d12a8 (webtiles) character file.

185 tidbits the Sneak (level 5, -1/28 HPs)
             Began as a Vine Stalker Wizard on Jan 10, 2018.
             Killed from afar by an orc wizard (5 damage)
             ... with a magic dart
             ... on level 6 of the Dungeon.
             The game lasted 00:07:57 (803 turns).

tidbits the Sneak (Vine Stalker Wizard)              Turns: 803, Time: 00:07:58

Health: -1/28      AC:  5    Str: 10    XL:     5   Next: 64%
Magic:  0/10       EV: 11    Int: 18    God:
Gold:   21         SH:  0    Dex: 13    Spells: 7/10 levels left

rFire    . . .     SeeInvis .   a - +0 short sword
rCold    + . .     Gourm    .   (no shield)
rNeg     . . .     Faith    .   B - +2 leather armour {rC+}
rPois    .         Spirit   +   f - +0 hat
rElec    .         Reflect  .   (no cloak)
rCorr    .         Harm     .   (no gloves)
MR       .....                  (no boots)
Stlth    +++.......             (no amulet)
HPRegen  0.49/turn              (no ring)
MPRegen  0.12/turn              (no ring)

@: no status effects
A: fangs 2, regeneration 1, magic shield, antimagic bite, no potion heal 3, rot
immunity
a: no special abilities


You were on level 6 of the Dungeon.
You were not hungry.

You visited 1 branch of the dungeon, and saw 6 of its levels.

You collected 113 gold pieces.
You spent 92 gold pieces at shops.

Inventory:

Hand Weapons
 a - a +0 short sword (weapon)
 b - a +0 dagger
Armour
 e - a +0 robe
 f - a +0 hat (worn)
 g - a +0 plate armour
 B - a +2 leather armour of cold resistance (worn)
   (You found it on level 4 of the Dungeon)
Wands
 i - a wand of flame (37)
Books
 c - a book of Minor Magic

   Spells                             Type                      Level
   a - Magic Dart                     Conjuration                  1
   b - Blink                          Translocation                2
   c - Call Imp                       Summoning                    2
   d - Slow                           Hexes                        2
   e - Conjure Flame                  Conjuration/Fire             3
   f - Mephitic Cloud                 Conjuration/Poison/Air       3
Comestibles
 d - 4 rations
 h - a chunk of flesh


   Skills:
 + Level 3.2 Fighting
 - Level 1.5 Dodging
 + Level 5.5 Stealth
 - Level 3.2 Spellcasting
 - Level 1.0 Conjurations
 - Level 1.0 Summonings
   Level 1.0 Translocations


You had 7 spell levels left.
You knew the following spells:

 Your Spells              Type           Power        Failure   Level  Hunger
a - Magic Dart            Conj           #...         14%         1    None
i - Call Imp              Summ           #.......     22%         2    ##.....


Dungeon Overview and Level Annotations

Branches:
Dungeon (6/15)
 Temple: D:4-7

Altars:

Shops:
D:4 =*

Annotations:
D:2 exclusion: adder
D:6 Eustachio


Innate Abilities, Weirdness & Mutations

You have extremely sharp teeth.
Your natural rate of healing is unusually fast.
When hurt, damage is shared between your health and your magic reserves.
Your bite disrupts and absorbs the magic of your enemies.
Potions cannot restore your health.
You are immune to rotting.


Message History

Your white imp freezes the hound.
The hound dies!
Press: ? - help, v - describe, . - travel The floor.
Reduced exclusion size to a single square.
Removed exclusion.
You see here a hound corpse.
You butcher the hound corpse.
h - a chunk of flesh
There is an entrance to Idghourch's Jewellery Boutique here.
You can access your shopping list by pressing '$'.
Your white imp disappears in a puff of smoke!
d - 4 rations (gained 1)
There are no items here.
There is an entrance to Congil's Assorted Antiques here.
i - a wand of flame (37) Thank you for shopping at Congil's Assorted Antiques!
There is a stone staircase leading down here.
You climb downwards.
Level annotation: Eustachio
There is a stone staircase leading up here.
Unknown command.
Unknown command. 2 adders come into view.
Found a great sword and a leather armour.
An adder comes into view.
There is a stone staircase leading up here.
Unknown command.
Evoke which item? (* to show all) (? for menu, Esc to quit)
Okay, then.
The iguana hisses angrily.
Eustachio shouts!
Eustachio barely misses you.
The frilled lizard bites you but does no damage.
Found 11 gold pieces.
The adder closely misses you.
Eustachio screams, "This atrocity can only be purified with blood!"
Eustachio gestures wildly while chanting.
Eustachio blinks!
The adder closely misses you. The adder bites you but does no damage.
Found a stone staircase leading down.
Eustachio screams, "This atrocity can only be purified with blood!"
The adder hisses angrily.
There is a stone staircase leading down here.
Eustachio hits you with a rapier.
You climb downwards. 2 orcs and an orc wizard come into view.
The orc wizard shouts!
The orc shouts!
You hear a shout!
You hear an angry hiss.
Found a rapier.
There is a stone staircase leading up here.
Unknown command.
You aren't carrying any potions.
Unknown command.
Unknown command.
An orc comes into view. It is wielding a club.
The orc shouts!
Eustachio casts a spell.
Eustachio blinks!
The orc throws a tomahawk.
The tomahawk barely misses you.
Press: ? - help, v - describe, . - travel
Here: Eustachio, wielding a rapier and wearing a leather armour The floor.
Found 2 metallic emerald potions.
Eustachio casts a spell.
Eustachio blinks!
The orc wizard casts a spell.
The orc wizard seems to speed up.
The orc throws a tomahawk.
The tomahawk hits you.
You see here a tomahawk. 2 bullfrogs come into view.
The orc wizard gestures at you while chanting.
The magic dart hits you! The orc wizard closely misses you.
Eustachio mumbles some strange words.
Found a stone staircase leading down.
An iguana comes into view.
The iguana hisses angrily.
The bullfrog gives a loud, deep croak!
The bat closely misses you. The bat hits you but does no damage.
The orc wizard casts a spell at you. The magic dart hits you!
* * * LOW HITPOINT WARNING * * *
The quokka closely misses you. The bat hits you but does no damage.
Found a stone staircase leading up.
The orc wizard gestures wildly while chanting.
The orc wizard blinks!
The iguana hisses menacingly.
The iguana bites you!
* * * LOW HITPOINT WARNING * * *
The bullfrog hits you but does no damage.
The quokka bites you.
* * * LOW HITPOINT WARNING * * *
Eustachio casts a spell.
Eustachio blinks!
The orc wizard gestures wildly while chanting.
The orc wizard blinks!
The bat barely misses you. The bat hits you but does no damage.
The orc wizard casts a spell at you. The magic dart hits you!
You die...

.........(###
.........)..#
........o...#
#...........#
........o.###
.#####..r########
#.#lo......#
##.#...rb...#
.......FFl@.<#
.>...........#
#####..o.....#
#........#
#........#
#.######## #. #.


You could see 2 bullfrogs, an iguana, an orc wizard, a river rat, an orc, a
quokka, a bat and a frilled lizard.

Vanquished Creatures
  A phantom (D:4)
  An iguana (D:4)
  An adder (D:4)
  A dart slug (D:4)
  A leopard gecko (D:4)
  2 giant cockroaches (D:4)
  2 goblins
  4 jackals (D:3)
  A rat (D:2)
14 creatures vanquished.

Vanquished Creatures (collateral kills)
  A scorpion (D:4)
  2 hounds (D:4)
3 creatures vanquished.

Grand Total: 17 creatures vanquished

Notes
Turn   | Place    | Note
-------+----------+-------------------------------------------
     0 | D:1      | tidbits the Vine Stalker Wizard began the quest for the Orb.
     0 | D:1      | Reached XP level 1. HP: 9/9 MP: 5/5
   112 | D:4      | Noticed a hound
   112 | D:4      | Noticed a phantom
   128 | D:5      | Entered Level 5 of the Dungeon
   128 | D:5      | Noticed Eustachio
   144 | D:4      | Noticed an iguana
   159 | D:4      | Noticed a phantom
   208 | D:4      | Reached XP level 2. HP: 14/14 MP: 2/7
   212 | D:4      | Learned a level 2 spell: Call Imp
   252 | D:4      | Noticed a crimson imp
   318 | D:4      | Found Congil's Assorted Antiques.
   344 | D:4      | Reached skill level 1 in Fighting
   344 | D:4      | Reached skill level 3 in Stealth
   356 | D:4      | Bought a bubbling golden potion for 14 gold pieces
   356 | D:4      | Bought a viscous golden potion for 14 gold pieces
   373 | D:4      | Killed a phantom
   373 | D:4      | Reached skill level 2 in Fighting
   373 | D:4      | Reached skill level 4 in Stealth
   373 | D:4      | Reached XP level 3. HP: 7/19 MP: 0/8
   373 | D:4      | Gained mutation: Your natural rate of healing is unusually fast. [Vine Stalker growth]
   373 | D:4      | Reached XP level 4. HP: 8/23 MP: 0/9
   398 | D:4      | HP: 2/23 [iguana (7)]
   466 | D:3      | Noticed a sky beast
   476 | D:4      | Reached XP level 5. HP: 27/27 MP: 8/10
   506 | D:4      | Found Idghourch's Jewellery Boutique.
   583 | D:5      | Noticed a sky beast
   602 | D:5      | Noticed a sky beast
   602 | D:5      | Noticed a centaur
   649 | D:4      | Reached skill level 3 in Fighting
   649 | D:4      | Reached skill level 5 in Stealth
   755 | D:4      | Bought a copper wand for 64 gold pieces
   803 | D:6      | Killed from afar by an orc wizard

Skill      XL: |  1  2  3  4  5 |
---------------+----------------+-----
Fighting       | 2 3 |  3.2
Stealth        | 4 5 |  5.5
Dodging        | |  1.5
Spellcasting   | |  3.2
Conjurations   | |  1.0
Summonings     | |  1.0
Translocations | |  1.0

Action                   |  1- 3 |  4- 6 || total
-------------------------+-------+-------++-------
Melee: Short sword       |    10 |    37 ||    47
       Unarmed           |     9 |    18 ||    27
       Bite              |     1 |    11 ||    12
 Cast: Magic Dart        |    15 |     6 ||    21
       Call Imp          |     1 |     3 ||     4
  Use: Scroll            |     1 |     3 ||     4
       Potion            |     1 |     2 ||     3
Armor: Robe              |     3 |       ||     3
       Leather armour    |     7 |    22 ||    29
       Skin              |     3 |    12 ||    15
Dodge: Dodged            |    20 |    42 ||    62

Table legend:
 A = Turns spent in this place as a percentage of turns spent in the entire game.
 B = Non-inter-level travel turns spent in this place as a percentage of non-inter-level travel turns spent in the entire game.
 C = Inter-level travel turns spent in this place as a percentage of turns spent in this place.
 D = Turns resting spent in this place as a percentage of non-inter-level travel turns spent in this place.
 E = Turns spent auto-exploring this place as a percentage of non-inter-level travel turns spent in this place.
 F = Non-inter-level travel turns spent in this place divided by the number of levels of this place that you've seen.
                   A       B       C       D       E      F
               +-------+-------+-------+-------+-------+----------------------
         Total | 100.0 | 100.0 |   0.0 |   0.0 |   0.0 | 133.8
       Dungeon | 100.0 | 100.0 |   0.0 |   0.0 |   0.0 | 133.8
               +-------+-------+-------+-------+-------+----------------------

Table legend:
 A = Kills in this place as a percentage of kills in entire the game.
 B = Kills by you in this place as a percentage of kills by you in the entire game.
 C = Kills by friends in this place as a percentage of kills by friends in the entire game.
 D = Other kills in this place as a percentage of other kills in the entire game.
 E = Experience gained in this place as a percentage of experience gained in the entire game.
 F = Experience gained in this place divided by the number of levels of this place that you have seen.
                   A       B       C       D       E      F
               +-------+-------+-------+-------+-------+----------------------
         Total | 100.0 | 100.0 | 100.0 |   N/A | 100.0 |  44.2
       Dungeon | 100.0 | 100.0 | 100.0 |   N/A | 100.0 |  44.2
               +-------+-------+-------+-------+-------+----------------------

Vault maps used:
D:1:      lightli_arrival_farm
D:2:      ashenzari_altar_1
D:3:      grunt_temple_overflow_open
D:4:      serial_shops, shop, shop, first_ration
D:5:      minmay_opposing_rooms, uniq_eustachio, uniq_sigmund
D:6:      lemuel_blue_sif_altar, nicolae_tso_besieged_by_evil,
          minmay_temple_entry_glassed_door, serial_shops, nicolae_shop_crystal
